 Dungeon Crawl Stone Soup version 0.30.1-3-gfc49f6343a (webtiles) character file.

Game seed: 12613816340987525334

7 CaptainMV the Caller (level 1, -1/16 HPs)
             Began as a Demonspawn Wanderer on July 26, 2023.
             Was a Follower of Fedhas.
             Killed by an exploding frilled lizard (16 damage)
             ... ignited by their inner flame
             ... on level 1 of the Dungeon.
             The game lasted 00:03:38 (123 turns).

CaptainMV the Caller (Demonspawn Wanderer)           Turns: 123, Time: 00:03:38

Health: -1/16      AC:  3    Str: 10    XL:     1   Next: 91%
Magic:  0/2        EV: 11    Int: 13    God:    Fedhas [*.....]
Gold:   16         SH:  0    Dex: 14    Spells: 1/2 levels left

rFire   . . .        a - +0 dagger
rCold   . . .        (no shield)
rNeg    . . .        d - +0 robe
rPois   .            (no helmet)
rElec   .            (no cloak)
rCorr   .            b - +0 pair of gloves
SInv    .            (no boots)
Will    .....        (no amulet)
Stlth   ++           (no ring)
HPRegen 0.22/turn    (no ring)
MPRegen 0.08/turn

%: no passive effects
@: no status effects
A: no striking features
a: Renounce Religion


You were on level 1 of the Dungeon.
You worshipped Fedhas.
Fedhas was aware of your devotion.
You visited 1 branch of the dungeon, and saw 1 of its levels.

You collected 16 gold pieces.

Inventory:

Hand Weapons
 a - a +0 dagger (weapon)
Armour
 b - a +0 pair of gloves (worn)
 d - a +0 robe (worn)
Scrolls
 c - a scroll of fear
 g - a scroll of torment {unknown}
Potions
 e - a potion of lignification


   Skills:
 + Level 2.2 Fighting
 + Level 1.2 Armour
 + Level 1.0 Dodging
 + Level 1.0 Stealth
 + Level 1.0 Unarmed Combat
 + Level 1.0 Spellcasting
 + Level 2.2 Summonings
 + Level 1.4 Invocations


You had one spell level left.
You knew the following spells:

 Your Spells              Type           Power      Damage    Failure   Level
a - Summon Small Mammal   Summ           24%        N/A       11%         1

Your spell library contained the following spells:

 Spells                   Type           Power      Damage    Failure   Level
 Summon Guardian Golem    Hex/Summ       3%         N/A       47%         3
 Summon Lightning Spire   Summ/Air       3%         N/A       87%         4


Dungeon Overview and Level Annotations

Branches:
Dungeon (1/15)

Altars:
Fedhas


Message History

The goblin hits the fungus with a +0 club.
The fungus begins to die.
The frilled lizard bites the fungus.
The fungus begins to die.
You see here 7 gold pieces.
You now have 16 gold pieces (gained 7).
The frilled lizard hisses angrily.
The goblin hits the fungus with a +0 club.
As you read the scroll labelled DUFIGUXUECE, it crumbles to dust.
The creatures around you are filled with an inner flame!
It was a scroll of immolation.
Casting: Summon Small Mammal (safe; 11% risk of failure)
Confirm with . or Enter, or press ? or * to list all spells.
Casting: Summon Small Mammal (safe; 11% risk of failure)
Confirm with . or Enter, or press ? or * to list all spells.
A nearby fungus withers and dies. x2; Your bat misses the frilled lizard.
The frilled lizard bites you. The rat attacks as you move away!
The rat bites you but does no damage.
Your bat hits the rat.
Flame seeps out of the rat.
Your bat hits the rat but does no damage.
The rat is engulfed in blazing flames.
Fedhas appreciates your contribution to the ecosystem.
The rat explodes!
The fiery explosion engulfs the frilled lizard!!!
Fedhas appreciates your contribution to the ecosystem.
The fiery explosion engulfs your bat!!
You kill your bat!
Your bat's corpse disappears in a puff of smoke!
The fiery explosion engulfs the goblin!!!
Fedhas appreciates your contribution to the ecosystem.
Fedhas protects your plant from harm.
The goblin explodes!
The fiery explosion engulfs your bat!!
You kill your bat!
Your bat's corpse disappears in a puff of smoke!
Fedhas protects your plant from harm. x2
The frilled lizard explodes!
The fiery explosion engulfs you!
Ouch! That really hurt!
You die...
Fedhas appreciates your contribution to the ecosystem.

.###.. #.....#
##..PP...
#..P.....
#.PP.....
#.P..8..P
########§P§.....
#......@§§PP....
#.#...##§○§.PP..
#.. #§#§....#
#.# #.###.###
##.# #.# ?. #..#
#.# ##
##..####.#
#.....)..#
##....#####.


There were no monsters in sight!

Vanquished Creatures
  A ball python (D:1)
  A frilled lizard (D:1)
  3 goblins (D:1)
  4 kobolds (D:1)
  A rat (D:1)
10 creatures vanquished.

Vanquished Creatures (collateral kills)
  An endoplasm (D:1)
1 creature vanquished.

Grand Total: 11 creatures vanquished

Notes
Turn   | Place    | Note
-------+----------+-------------------------------------------
     0 | D:1      | CaptainMV the Demonspawn Wanderer began the quest for the
                  | Orb.
     0 | D:1      | CaptainMV set off with the following items: a +0 dagger, a
                  | +0 pair of gloves, a scroll of fear, a +0 robe, a potion of
                  | lignification; and the following spell memorised: Summon
                  | Small Mammal; and the following spells available to
                  | memorise: Summon Guardian Golem, Summon Lightning Spire.
     0 | D:1      | Reached XP level 1. HP: 16/16 MP: 2/2
    74 | D:1      | Found a faded altar of an unknown god.
    85 | D:1      | Prayed at the altar of an unknown god.
    85 | D:1      | Became a worshipper of Fedhas Madash
    85 | D:1      | Reached * piety under Fedhas
   123 | D:1      | Killed by an exploding frilled lizard... ignited by their
                  | inner flame

Illustrated notes

Levels and vault maps discovered:
D:1:      lightli_arrival_chessboard, layout_basic,
          hellmonk_ecumenical_altar_zigzags, dreamdust_mushroom_princess,
          serial_park_tiny_2

Action                     || total
---------------------------++-------
  Melee: Dagger            ||    22
   Cast: Summon Small Mamm ||     5
    Use: Scroll            ||     1
   Stab: Sleeping          ||     1
 Armour: Robe              ||     2
  Dodge: Dodged            ||    16
